AoeStats
← Nath

Arena

509628782Analyzed
3v3 RM · 6d ago on Sep 27, 2026· 63m 1s· 6 players
Game mode
Random Map
Map size
Normal (6 player)
Population
200
Speed
Normal
Resources
Standard
Victory
Conquest
Starting age
Dark Age
Ending age
Imperial Age
RankedLock teamsTeams togetherTeam positionsShared explorationLock speedFull tech treeHidden civsTurbo modeCheats
Victory
Defeat
🇨🇳 Franks · China
852
+15
🇨🇳 Romans · China
850
+15
🇨🇳 Mapuche · China
829
+16
🇨🇭 Persians · Switzerland
888
-17
🇨🇭 Romans · Switzerland
864
-17
🇨🇭 Portuguese · Switzerland
742
-12
LUKE
11:40 Feudal Age
13:18 Double-Bit Axe
15:50 Castle Age
15:51 Horse Collar
17:28 Stone Mining
17:26 Loom
20:02 Gold Mining
21:31 Wheelbarrow
22:08 Heavy Plow
24:45 Hand Cart
25:51 Town Watch
26:38 Squires
25:58 Man-at-Arms
27:26 Bow Saw
28:11 Gold Shaft Mining
33:15 Imperial Age
31:18 Ballistas
32:18 Long Swordsman
32:27 Pikeman
34:47 Crop Rotation
34:43 Conscription
34:55 Fletching
35:07 Scale Mail Armor
35:18 Forging
35:11 Heavy Scorpion
36:06 Town Patrol
36:06 Murder Holes
36:22 Fortified Wall
37:13 Chemistry
39:15 Chain Mail Armor
39:35 Iron Casting
39:53 Scale Barding Armor
39:44 Bodkin Arrow
39:35 Legionary
42:30 Blast Furnace
42:47 Elite Skirmisher
47:32 Chain Barding Armor
47:12 Padded Archer Armor
51:08 Husbandry
53:03 Halberdier
54:17 Light Cavalry
55:29 Bloodlines
56:00 Block Printing
兰陵王
0:34 Loom
12:07 Feudal Age
17:36 Castle Age
17:33 Double-Bit Axe
24:47 Wheelbarrow
23:59 Town Watch
24:19 Stone Mining
25:15 Bow Saw
24:57 Gold Mining
26:04 Hand Cart
28:27 Gold Shaft Mining
33:13 Imperial Age
31:00 Murder Holes
30:59 Fletching
31:48 Bodkin Arrow
32:00 Scale Barding Armor
32:06 Forging
32:45 Fortified Wall
32:44 Husbandry
33:24 Cavalier
35:57 Conscription
35:36 Elite Throwing Axeman
35:39 Ordonnance Companies
36:13 Paladin
39:17 Hoardings
40:20 Chivalry
42:18 Chain Barding Armor
45:19 Iron Casting
47:24 Plate Barding Armor
58:04 Blast Furnace
59:49 Caravan
maRtin993♪
11:07 Feudal Age
15:37 Castle Age
14:00 Double-Bit Axe
22:10 Bow Saw
21:42 Horse Collar
24:00 Stone Mining
24:04 Gold Mining
26:30 Stone Shaft Mining
27:13 Fervor
27:21 Heavy Plow
29:43 Wheelbarrow
28:54 Town Watch
28:55 Loom
30:05 Gold Shaft Mining
29:43 Forging
29:26 Fletching
30:45 Hand Cart
30:35 Caravan
31:09 Malon
31:34 Devotion
35:29 Imperial Age
32:38 Champi Runner
33:29 Champi Warrior
34:17 Scale Mail Armor
34:53 Iron Casting
34:14 Bodkin Arrow
34:19 Padded Archer Armor
34:53 Padded Archer Armor
35:35 Elite Bolas Rider
35:51 Elite Kona
38:23 Hoardings
43:16 Blast Furnace
42:32 Chain Mail Armor
42:32 Leather Archer Armor
44:58 Elite Champi Warrior
46:23 Crop Rotation
47:40 Butalmapu
48:14 Plate Mail Armor
48:14 Ring Archer Armor
48:58 Chemistry
48:19 Ballistics
47:55 Murder Holes
48:11 Masonry
50:12 Elite Skirmisher
51:48 Pikeman
52:25 Halberdier
Parrandista
6:59 Loom
11:36 Feudal Age
11:55 Horse Collar
12:04 Double-Bit Axe
18:04 Castle Age
16:28 Padded Archer Armor
17:45 Fletching
18:54 Thumb Ring
18:47 Crossbowman
19:39 Gold Mining
21:47 Bow Saw
22:20 Heavy Plow
30:45 Imperial Age
30:14 Kamandaran
31:09 Ballistics
32:45 Chemistry
32:31 Wheelbarrow
33:27 Elite War Elephant
34:43 Caravan
35:48 Leather Archer Armor
35:39 Scale Barding Armor
36:24 Forging
37:04 Hand Cart
59:22 Husbandry
58:43 Cavalier
58:54 Light Cavalry
59:44 Bloodlines
Nath
10:45 Feudal Age
11:43 Horse Collar
11:55 Double-Bit Axe
20:08 Castle Age
19:48 Gold Mining
19:51 Stone Mining
20:14 Forging
20:04 Scale Mail Armor
22:27 Man-at-Arms
23:44 Long Swordsman
25:32 Gold Shaft Mining
26:04 Pikeman
26:47 Squires
30:12 Chain Mail Armor
30:32 Iron Casting
35:49 Imperial Age
36:54 Legionary
39:11 Ballistics
39:51 Chemistry
39:58 Wheelbarrow
39:09 Loom
43:05 Halberdier
50:01 Heavy Scorpion
Janaus
8:43 Loom
11:48 Feudal Age
16:34 Castle Age
14:40 Double-Bit Axe
14:47 Horse Collar
16:44 Stone Mining
17:34 Wheelbarrow
20:22 Bow Saw
23:33 Wheelbarrow
25:08 Stone Shaft Mining
26:27 Fletching
31:47 Imperial Age
29:39 Pikeman
31:51 Hand Cart
31:36 Gold Mining
31:54 Bodkin Arrow
32:07 Scale Mail Armor
33:48 Chemistry
36:42 Two-Man Saw
35:52 Bracer
37:43 Chain Mail Armor
37:29 Padded Archer Armor
38:09 Ballistics
43:25 Leather Archer Armor
43:41 Plate Mail Armor
45:29 Thumb Ring
46:16 Arquebus
46:27 Elite Organ Gun
47:17 Elite Skirmisher
47:54 Halberdier
55:51 Forging
56:12 Ring Archer Armor
58:35 Sappers
59:28 Conscription
Connection lost

Rejoining the realm…

Still unreachable

The connection could not be restored.

Session expired

The server has moved on; the page needs a fresh start.